 Dungeon Crawl Stone Soup version 0.24.0-13-gcf9b319 (webtiles) character file.

Game seed: 10206743670054534095, levelgen mode: deterministic

117 Bronimir the Firebug (level 4, -2/31 HPs)
             Began as a Demonspawn Fire Elementalist on Mar 28, 2020.
             Killed by divine providence
             ... invoked by an orc priest
              (12 damage)
             ... on level 2 of the Dungeon.
             The game lasted 00:03:10 (1642 turns).

Bronimir the Firebug (Demonspawn Fire Elementalist) Turns: 1642, Time: 00:03:11

Health: -2/31      AC:  2    Str:  9    XL:     4   Next: 71%
Magic:  3/7        EV: 13    Int: 17    God:
Gold:   66         SH:  0    Dex: 13    Spells: 7/8 levels left

rFire    . . .     SeeInvis .   f - +0 mace (crush)
rCold    . . .     Gourm    .   (no shield)
rNeg     . . .     Faith    .   a - +0 robe
rPois    .         Spirit   .   (no helmet)
rElec    .         Reflect  .   (no cloak)
rCorr    .         Harm     .   (no gloves)
MR       .....                  (no boots)
Stlth    ++........             (no amulet)
HPRegen  0.10/turn              (no ring)
MPRegen  0.10/turn              (no ring)

@: very slightly contaminated
A: demonic guardian 2, powered by pain 1
a: no special abilities


You were on level 2 of the Dungeon.
You were not hungry.

You visited 1 branch of the dungeon, and saw 2 of its levels.

You collected 66 gold pieces.

Inventory:

Hand Weapons
 f - a +0 mace of crushing (weapon)
Missiles
 b - 64 stones
 j - 21 sling bullets
 k - 8 poisoned darts (quivered)
 l - 7 boomerangs of dispersal
Armour
 a - a +0 robe (worn)
Scrolls
 e - 6 scrolls of teleportation {unknown}
 h - a scroll of random uselessness {unknown}
 i - 2 scrolls of identify {unknown}
 n - 3 scrolls of remove curse {unknown}
 p - a scroll of magic mapping {unknown}
Potions
 d - a potion of invisibility {unknown}
 g - a potion of heal wounds
 m - a potion of curing {unknown}
Comestibles
 c - a ration
 o - a chunk of flesh


   Skills:
 + Level 0.4 Fighting
 + Level 0.2 Maces & Flails
 * Level 1.1 Armour
 + Level 2.4 Dodging
 - Level 1.7 Stealth
 * Level 2.6 Spellcasting
 * Level 1.7 Conjurations
 * Level 3.6 Fire Magic


You had 7 spell levels left.
You knew the following spells:

 Your Spells              Type           Power        Failure   Level  Hunger
a - Flame Tongue          Conj/Fire      ##...        6%          1    #......

Your spell library contained the following spells:

 Spells                   Type           Power        Failure   Level  Hunger
 Throw Flame              Conj/Fire      ##....       9%          2    ##.....
 Conjure Flame            Conj/Fire      ##......     19%         3    ###....
 Inner Flame              Hex/Fire       #.......     26%         3    ###....
 Sticky Flame             Conj/Fire      ##......     52%         4    #####..
 Fireball                 Conj/Fire      ##........   86%         5    ######.


Dungeon Overview and Level Annotations

Branches:
Dungeon (2/15)

Altars:


Innate Abilities, Weirdness & Mutations

A demonic guardian rushes to your aid.
You sometimes gain a little power by taking damage.


Message History

Aim: an orc, wielding a +0 short sword (heavily wounded)
The flame tongue misses the orc.
The flame tongue hits the orc priest.
The orc priest is moderately wounded.
The orc hits you with a +0 short sword.
* * * LOW HITPOINT WARNING * * *
Your iron imp barely misses the orc.
Your iron imp closely misses the orc.
Your iron imp hits the orc priest!
The orc priest calls upon Beogh to heal the orc.
The orc's wounds heal themselves!
The orc hits your iron imp with a +0 hand axe.
Your iron imp closely misses the orc priest.
Your iron imp disappears in a puff of smoke!
The orc priest casts a cantrip, but nothing happens.
The orc priest looks encouraged for a moment.
The orc priest begins to cast a cantrip, but forgets the words!
There is a stone staircase leading up here.
The orc priest mumbles some strange prayers to Beogh against you.
Beogh smites you!
You die...

......#..# #.# .#
#.#####.†# ###o##.# #.#
#..# #......#
#.#####..#####.#.#..###.
#.......................
#######..#.###.#.#.###>.
#..#.# #..o..# . ##.#÷#
###.### #.#÷# #@# #.#.#
#.# #.... #.. #.....
.... #....## ###.#
#.#.## .# #.#.. .. #.###
##


You could see an orc priest and an orc.

Vanquished Creatures
  2 orc priests (D:2)
  2 adders (D:2)
  An ooze (D:1)
  An adder zombie (D:2)
  2 giant cockroaches
  2 goblins
  3 hobgoblins
  4 jackals
  4 kobolds
  A quokka (D:2)
  7 bats
  3 frilled lizards
32 creatures vanquished.

Notes
Turn   | Place    | Note
-------+----------+-------------------------------------------
     0 | D:1      | Bronimir the Demonspawn Fire Elementalist began the quest
                  | for the Orb.
     0 | D:1      | Reached XP level 1. HP: 13/13 MP: 3/3
   389 | D:2      | Reached skill level 3 in Fire Magic
   389 | D:2      | Gained mutation: You sometimes gain a little power by
                  | taking damage. [demonic ancestry]
   389 | D:2      | Reached XP level 2. HP: 4/19 MP: 0/5
   850 | D:1      | Gained mutation: A weak demonic guardian rushes to your
                  | aid. [demonic ancestry]
   850 | D:1      | Reached XP level 3. HP: 22/24 MP: 0/6
  1617 | D:2      | Gained mutation: A demonic guardian rushes to your aid.
                  | [demonic ancestry]
  1617 | D:2      | Reached XP level 4. HP: 24/31 MP: 4/7
  1629 | D:2      | Reached skill level 1 in Armour
  1642 | D:2      | Killed from afar by an orc priest

Levels and vault maps discovered:
D:1:      ncdulo_wetmaze, layout_rooms
D:2:      layout_loops_ring, gammafunk_temple_overflow_statue,
          uniq_crazy_yiuf_cottage

Skill      XL: |  1  2  3  4 |
---------------+-------------+-----
Dodging        | 2 |  2.4
Fire Magic     | 3 |  3.6
Armour         | 1 |  1.1
Fighting       | |  0.4
Maces & Flails | |  0.2
Stealth        | |  1.7
Spellcasting   | |  2.6
Conjurations   | |  1.7

Action                   |  1- 3 |  4- 6 || total
-------------------------+-------+-------++-------
Melee: Mace              |    26 |     4 ||    30
 Cast: Flame Tongue      |    44 |     9 ||    53
  Use: Potion            |     1 |       ||     1
  Eat: Chunk             |     3 |       ||     3
Armor: Robe              |    37 |       ||    37
Dodge: Dodged            |    75 |     7 ||    82
